 Dungeon Crawl Stone Soup version 0.18-a0-1789-gbeff17f (webtiles) character file.

261 barb4r1an the Grave Robber (level 5, 0/49 HPs)
             Began as a Troll Necromancer on Apr 21, 2016.
             Slain by an orc
             ... wielding a +0 falchion
              (7 damage)
             ... on level 4 of the Dungeon.
             The game lasted 00:08:55 (2299 turns).

barb4r1an the Grave Robber (Troll Necromancer)      Turns: 2299, Time: 00:08:56

Health: 0/49       AC:  5    Str: 17    XL:     5   Next: 96%
Magic:  7/7        EV: 10    Int: 11    God:
Gold:   224        SH:  0    Dex: 10    Spells: 2 memorised, 4 levels left

rFire  . . .     SeeInvis .       - Unarmed
rCold  . . .     Gourm    +     a - +0 robe
rNeg   . . .     Faith    .     (no shield)
rPois  .         Spirit   .     (helmet restricted)
rElec  .         Dismiss  .     (no cloak)
rCorr  .         Reflect  .     (gloves unavailable)
SustAt +         Harm     .     (boots unavailable)
MR     .....                    (no amulet)
Stlth  ++........               u - ring of stealth
                                k - ring of sustain attributes

@: lethally poisoned (0 -> 0), not resistant to hostile enchantments, unstealthy
A: unfitting armour, claws 3, fast metabolism 3, gourmand, regeneration 2,
shaggy fur 1, tough skin 2
a: no special abilities


You were on level 4 of the Dungeon.
You were not hungry.

You visited 1 branch of the dungeon, and saw 4 of its levels.

You collected 224 gold pieces.

Inventory:

Armour
 a - a +0 robe (worn)
Jewellery
 k - a ring of sustain attributes (left claw)
 u - a ring of stealth (right claw)
Scrolls
 d - 3 scrolls of identify {unknown}
 e - 3 scrolls of teleportation {unknown}
 f - a scroll of fog {unknown}
 g - 3 scrolls of enchant weapon {unknown}
 i - a scroll of amnesia {unknown}
 j - 2 scrolls of noise {unknown}
 n - a scroll of random uselessness {unknown}
 p - a scroll of blinking {unknown}
 r - 2 scrolls of immolation {unknown}
 t - a scroll of remove curse {unknown}
Potions
 h - a potion of flight {unknown}
 l - a potion of ambrosia {unknown}
 o - a potion of lignification {unknown}
 q - a potion of invisibility {unknown}
 s - a potion of degeneration {unknown}
 v - a potion of curing {unknown}
Books
 b - a book of Necromancy

   Spells                             Type                      Level
   a - Pain                           Necromancy                   1
   b - Animate Skeleton               Necromancy                   1
   c - Vampiric Draining              Necromancy                   3
   d - Regeneration                   Charms/Necromancy            3
   e - Animate Dead                   Necromancy                   4
   f - Control Undead                 Necromancy                   4
Comestibles
 c - 2 bread rations
 m - a meat ration
 w - a slice of pizza


   Skills:
 + Level 1.8 Fighting
 + Level 2.6 Dodging
 - Level 1.1 Stealth
 + Level 2.4 Unarmed Combat
 + Level 2.0 Spellcasting
 + Level 4.0 Necromancy


You had 4 spell levels left.
You knew the following spells:

 Your Spells              Type           Power        Failure   Level  Hunger
a - Pain                  Necr           #...         6%          1    ##.....
b - Regeneration          Chrm/Necr      #.........   38%         3    ####...


Dungeon Overview and Level Annotations

Branches:
Dungeon (4/15)
 Temple: D:4-7

Altars:
Dithmenos
Elyvilon
Gozag
Yredelemnul
The Shining One


Innate Abilities, Weirdness & Mutations

You are too large for most types of armour.
You have claws for hands.
Your metabolism is lightning-fast.
You like to eat raw meat.
You heal very quickly.
You are covered in fur (AC +1).
You have very tough skin (AC +2).


Message History

* * * LOW HITPOINT WARNING * * *
You are too injured to fight recklessly!
You are too injured to fight recklessly!
You are too injured to fight recklessly!
You miss the adder.
The adder is almost dead.
The adder barely misses you.
You claw the adder!
You kill the adder!
The orc hits you with a falchion.
* * * LOW HITPOINT WARNING * * *
You closely miss the orc.
You feel sick. The orc closely misses you.
You barely miss the orc. The orc hits you with a falchion.
* * * LOW HITPOINT WARNING * * *
You barely miss the orc. The orc hits you with a falchion.
* * * LOW HITPOINT WARNING * * *
You scratch the orc.
The orc is heavily wounded.
The orc hits you with a falchion!
You die...

#### #... #....
#.... #....#
+.??..######
#.....#....######
#.....@†........#
#....##o..<.....#
#... ####......#
#.. #......# #.
#......# #
#.S....# #......#
#......# #...)..#


You could see an orc.

Vanquished Creatures
  The ghost of SkaryMonk the Chiller, an amateur OpIE (D:3)
  A worker ant (D:4)
  A gnoll (D:1)
  5 adders
  An ooze (D:2)
  A worm (D:2)
  3 dart slugs
  3 giant geckos
  5 orcs (D:3)
  11 bats
  3 giant cockroaches
  12 goblins
  8 hobgoblins
  3 kobolds
  A giant newt (D:2)
  43 rats
102 creatures vanquished.

Notes
Turn   | Place    | Note
--------------------------------------------------------------
     0 | D:1      | barb4r1an the Troll Necromancer began the quest for the Orb.
     0 | D:1      | Reached XP level 1. HP: 16/16 MP: 1/1
   217 | D:1      | Reached XP level 2. HP: 23/24 MP: 2/2
   278 | D:1      | Reached skill level 1 in Unarmed Combat
   429 | D:1      | Reached XP level 3. HP: 32/32 MP: 4/4
   813 | D:2      | Reached XP level 4. HP: 28/40 MP: 5/5
   829 | D:2      | Reached skill level 1 in Fighting
  1306 | D:2      | Found an opulent altar of Gozag.
  1310 | D:2      | Found a glowing golden altar of the Shining One.
  1320 | D:2      | Found a shadowy altar of Dithmenos.
  1445 | D:2      | Learned a level 3 spell: Regeneration
  1447 | D:3      | Noticed SkaryMonk's ghost (amateur OpIE)
  1456 | D:3      | Killed SkaryMonk's ghost
  1456 | D:3      | Reached XP level 5. HP: 33/48 MP: 2/6
  1523 | D:3      | Found a basalt altar of Yredelemnul.
  2231 | D:3      | Found a white marble altar of Elyvilon.
  2289 | D:4      | Reached skill level 4 in Necromancy
  2299 | D:4      | Slain by an orc

Vault maps used:
D:1:      minmay_arrival_nine_rooms, minmay_hedge_maze
D:2:      minmay_overflow_temple_star_quad, minmay_joined_circles
D:3:      kennysheep_ying_yang, minmay_rats_cheesy_pizza
D:4:      first_bread

Skill      XL: |  1  2  3  4  5 |
---------------+----------------+-----
Unarmed Combat | 1 2 |  2.4
Dodging        | 2 |  2.6
Fighting       | 1 |  1.8
Spellcasting   | 2 |  2.0
Necromancy     | 4 |  4.0
Stealth        | |  1.1

Action                   |  1- 3 |  4- 6 || total
-------------------------+-------+-------++-------
Melee: Unarmed           |   139 |   157 ||   296
 Stab: Sleeping          |     1 |     4 ||     5
  Eat: Chunk             |     2 |    18 ||    20
       Pizza             |     1 |       ||     1
Armor: Robe              |    75 |    38 ||   113
Dodge: Dodged            |    95 |    51 ||   146
